 Dungeon Sprint DCSS version 0.29-a0-409-gd843f3a48c (webtiles) character file.

Game seed: 8013408903378375375

7634 mhtbhm the Executioner (level 10, -3/108 HPs)
             Began as a Minotaur Berserker on May 14, 2022.
             Was the Champion of Trog.
             Slain by an orc warrior
             ... wielding a +0 glaive
             ... led by an orc high priest
              (13 damage)
             ... in the Dungeon (Sprint VII: "The Pits").
             The game lasted 00:02:43 (1777 turns).

mhtbhm the Executioner (Minotaur Berserker)         Turns: 1777, Time: 00:02:44

Health: -3/108     AC: 10    Str: 25    XL:     10   Next: 98%
Magic:  9/9        EV: 13    Int:  4    God:    Trog [******]
Gold:   0          SH:  0    Dex: 21    Spells: 9/9 levels left

rFire   . . .      SeeInvis .   a - +10 battleaxe of Trog's Righteous Anger {vorpal, Dex+4}
rCold   . . .      Faith    .   (shield currently unavailable)
rNeg    . . .      Spirit   .   b - +3 plate armour
rPois   .          Reflect  .   (helmet restricted)
rElec   .          Harm     .   m - +0 cloak
rCorr   .          Rampage  .   n - +0 pair of gloves
Will    .....      NoTele   +   (no boots)
Stlth   ..........              (no amulet)
HPRegen 0.28/turn               k - +3 ring of dexterity
MPRegen 0.11/turn               l - +3 ring of dexterity

@: spiked, corroded, slowed, very slow
A: horns 2, retaliatory headbutt
a: Renounce Religion, Berserk, Trog's Hand, Brothers in Arms


You were in the Dungeon.
You worshipped Trog.
Trog was exalted by your worship.
You visited 1 branch

Inventory:

Hand Weapons
 a - the +10 battleaxe of Trog's Righteous Anger (weapon) {vorpal, Dex+4}
   (Trog gifted it to you in the Dungeon)

   It inflicts extra damage upon your enemies.
   Dex:       It affects your dexterity (+4).
Armour
 b - a +3 plate armour (worn)
 m - a +0 cloak (worn)
 n - a +0 pair of gloves (worn)
Jewellery
 k - a +3 ring of dexterity (left hand)
 l - a +3 ring of dexterity (right hand)
Scrolls
 h - a scroll of blinking
 j - a scroll of summoning
Potions
 c - 6 potions of curing
 d - 6 potions of heal wounds
 e - 3 potions of haste
 f - 4 potions of magic
 g - 3 potions of berserk rage
 i - 2 potions of invisibility


   Skills:
 + Level 16.4 Fighting
 + Level 21.1 Axes
 + Level 14.6 Armour
 + Level 9.1 Dodging


You had 9 spell levels left.
You didn't know any spells.
Your spell library was empty.

Dungeon Overview and Level Annotations

Branches:
Dungeon (1/1)

Altars:
Ashenzari
Cheibriados
Dithmenos
Elyvilon
Fedhas
Gozag
Hepliaklqana
Kikubaaqudgha
Makhleb
Nemelex Xobeh
Okawaru
Qazlal
Ru
Sif Muna
Trog
Uskayaw
Vehumet
Wu Jian
Xom
Yredelemnul
Zin
The Shining One
Beogh
Jiyva
Lugonu

Annotations:
D Sonja


Innate Abilities, Weirdness & Mutations

You have a pair of horns on your head.
You reflexively headbutt those who attack you in melee.


Message History

Your iron troll bites the orc high priest!!
The orc high priest dies!
Trog accepts your kill.
The orange demon disappears in a puff of smoke!
The neqoxec disappears in a puff of smoke!
The red devil disappears in a puff of smoke!
The nagaraja spits poison at you. The splash of poison misses you.
The orc warrior hits you from afar with a +0 glaive!!
* * * LOW HITPOINT WARNING * * *
The ice beast barely misses you. You furiously retaliate!
You headbutt the ice beast, but do no damage.
Your iron troll bites the nagaraja!!!
Your iron troll completely misses the nagaraja.
Your iron troll claws the nagaraja!!
The nagaraja hits your iron troll with a +0 whip!
The nagaraja grabs your iron troll.
The nagaraja constricts your iron troll.
Your Axes skill increases to level 21!
Unknown command.
You feel much better.
The nagaraja spits poison at your iron troll.
The splash of poison hits your iron troll but does no damage.
The nagaraja constricts your iron troll.
The ice beast barely misses you. The red devil barely misses you.
The komodo dragon bites your iron troll!
The orc warrior hits you from afar with a +0 glaive!
* * * LOW HITPOINT WARNING * * *
The orc hits your iron troll but does no damage.
Your iron troll barely misses the nagaraja.
Your iron troll claws the nagaraja but does no damage.
Your iron troll claws the nagaraja!!
The nagaraja dies!
Trog accepts your kill.
Trog appreciates your killing of a magic user.
The red devil hits you from afar with a +0 trident.
* * * LOW HITPOINT WARNING * * *
Barbed spikes become lodged in your body.
The orc warrior hits you from afar with a +0 glaive!
You die...

### ######## ##### ##
#.†.÷..###...## ...
..#†#...÷†....## #...
.##)##.....#...# #....
##...##...###..# #.....
#.....##.##.##.###o.....
......#..†#.#...#Tl.....
.)....+..)(†'...@§4....K
÷.....#.).#.#...#Yo.....
#.....##÷##.##.###......
##...##...###..# #.....
.##.##.†...#...# #....
..#+#.........## #...
#.†....###...## ...
######## ##### ##


You could see a komodo dragon, a red devil, an orc warrior, an ice beast, an orc
and a friendly iron troll (summoned, berserk).

Vanquished Creatures
  A bog body (D)
  A large abomination (D)
  A cyclops (D)
  A molten gargoyle (D)
  A smoke demon (D)
  A cane toad (D)
  A gargoyle (D)
  2 rime drakes (D)
  A freezing wraith (D)
  A guardian mummy (D)
  A hellwing (D)
  4 blink frogs (D)
  3 tarantellas (D)
  A hornet (D)
  A flying skull (D)
  A spriggan (D)
  A redback (D)
  3 yaks (D)
  2 orc warriors (D)
  A sky beast (D)
  An ogre (D)
  A bullfrog (D)
  4 killer bees (D)
  A quasit (D)
  3 hounds (D)
  2 orc priests (D)
  4 orc wizards (D)
  A hell rat (D)
  A mummy (D)
  3 river rats (D)
  4 ufetubi (D)
  An adder zombie (D)
  3 orcs (D)
  A bat skeleton (D)
  A bat zombie (D)
  A giant cockroach (D)
  2 goblins (D)
  A hobgoblin (D)
  2 quokkas (D)
  A ball python (D)
  A bat (D)
  A giant cockroach zombie (D)
  A kobold (D)
  A quokka zombie (D)
71 creatures vanquished.

Vanquished Creatures (collateral kills)
  A nagaraja (D)
  An orc high priest (D)
2 creatures vanquished.

Grand Total: 73 creatures vanquished

Notes
Turn   | Place    | Note
-------+----------+-------------------------------------------
     0 | D        | mhtbhm the Minotaur Berserker began the quest for the Orb.
     0 | D        | Reached XP level 1. HP: 19/19 MP: 0/0
    17 | D        | Reached skill level 4 in Axes
    54 | D        | Found a bloodstained altar of Trog.
    54 | D        | Found a shimmering blue altar of Sif Muna.
    54 | D        | Found a viscous altar of Jiyva.
    54 | D        | Found a hazy altar of Hepliaklqana.
    54 | D        | Found an opulent altar of Gozag.
    55 | D        | Found a glowing golden altar of the Shining One.
    55 | D        | Found a glowing silver altar of Zin.
    55 | D        | Found a basalt altar of Yredelemnul.
    55 | D        | Found a shimmering altar of Xom.
    55 | D        | Found an ornate altar of the Wu Jian Council.
    55 | D        | Found a sacrificial altar of Ru.
    55 | D        | Found a stormy altar of Qazlal.
    55 | D        | Found an iron altar of Okawaru.
    55 | D        | Found a sparkling altar of Nemelex Xobeh.
    55 | D        | Found a burning altar of Makhleb.
    55 | D        | Found a blossoming altar of Fedhas.
    55 | D        | Found a white marble altar of Elyvilon.
    55 | D        | Found a shadowy altar of Dithmenos.
    55 | D        | Found a snail-covered altar of Cheibriados.
    57 | D        | Found a radiant altar of Vehumet.
    57 | D        | Found a corrupted altar of Lugonu.
    58 | D        | Found a hide-covered altar of Uskayaw.
    58 | D        | Found an ancient bone altar of Kikubaaqudgha.
    58 | D        | Found a broken altar of Ashenzari.
   107 | D        | Reached ** piety under Trog
   171 | D        | Reached skill level 5 in Fighting
   171 | D        | Reached skill level 5 in Axes
   171 | D        | Reached XP level 2. HP: 29/29 MP: 1/1
   203 | D        | Reached *** piety under Trog
   320 | D        | Noticed an ogre
   320 | D        | Noticed a sky beast
   327 | D        | Reached **** piety under Trog
   328 | D        | Reached skill level 6 in Axes
   328 | D        | Reached XP level 3. HP: 37/37 MP: 2/2
   330 | D        | Reached skill level 7 in Axes
   330 | D        | Reached XP level 4. HP: 45/45 MP: 3/3
   331 | D        | Killed an ogre
   332 | D        | Reached skill level 9 in Axes
   332 | D        | Reached skill level 5 in Dodging
   332 | D        | Reached XP level 5. HP: 53/53 MP: 4/4
   337 | D        | Killed a sky beast
   337 | D        | Reached ***** piety under Trog
   338 | D        | Reached skill level 10 in Axes
   338 | D        | Reached XP level 6. HP: 63/63 MP: 5/5
   339 | D        | Reached skill level 11 in Axes
   339 | D        | Reached skill level 5 in Armour
   409 | D        | Noticed a rime drake
   417 | D        | Killed a rime drake
   418 | D        | Reached skill level 10 in Fighting
   418 | D        | Reached skill level 13 in Axes
   418 | D        | Reached XP level 7. HP: 43/73 MP: 6/6
   553 | D        | Noticed a flying skull
   571 | D        | Killed a flying skull
   572 | D        | Reached skill level 14 in Axes
   577 | D        | Received a gift from Trog
   612 | D        | Noticed a tarantella
   612 | D        | Noticed a gargoyle
   626 | D        | Killed a tarantella
   627 | D        | Reached XP level 8. HP: 49/82 MP: 7/7
   640 | D        | Reached skill level 15 in Axes
   642 | D        | Killed a gargoyle
   901 | D        | Noticed a hornet
   904 | D        | Paralysed by a hornet for 1 turns
   909 | D        | Paralysed by a hornet for 2 turns
   913 | D        | Killed a hornet
   913 | D        | Identified the +10 battleaxe of Trog's Righteous Anger
                  | {vorpal, Dex+4} (Trog gifted it to you in the Dungeon)
   913 | D        | Received a gift from Trog
   914 | D        | Reached skill level 16 in Axes
  1253 | D        | Noticed a smoke demon
  1253 | D        | Noticed a guardian mummy
  1253 | D        | Noticed a molten gargoyle
  1253 | D        | Noticed a cane toad
  1257 | D        | Reached ****** piety under Trog
  1259 | D        | Killed a smoke demon
  1259 | D        | Killed a cane toad
  1259 | D        | Killed a guardian mummy
  1260 | D        | Reached skill level 17 in Axes
  1260 | D        | Reached skill level 10 in Armour
  1260 | D        | Reached XP level 9. HP: 53/93 MP: 8/8
  1260 | D        | Killed a molten gargoyle
  1429 | D        | Received a gift from Trog
  1430 | D        | Reached skill level 18 in Axes
  1475 | D        | Noticed a bog body
  1481 | D        | Killed a bog body
  1482 | D        | Reached XP level 10. HP: 104/104 MP: 9/9
  1493 | D        | Received a gift from Trog
  1494 | D        | Reached skill level 19 in Axes
  1532 | D        | Noticed a large abomination
  1540 | D        | Killed a large abomination
  1541 | D        | Reached skill level 15 in Fighting
  1688 | D        | Noticed a cyclops
  1690 | D        | Received a gift from Trog
  1693 | D        | Killed a cyclops
  1694 | D        | Reached skill level 20 in Axes
  1755 | D        | Noticed an orc high priest
  1760 | D        | Noticed Sonja
  1760 | D        | Noticed a rust devil
  1760 | D        | Noticed a nagaraja
  1764 | D        | Received a gift from Trog
  1770 | D        | Received a gift from Trog
  1775 | D        | Noticed an orange demon
  1776 | D        | Killed an orc high priest
  1777 | D        | Reached skill level 21 in Axes
  1777 | D        | Killed a nagaraja
  1777 | D        | Slain by an orc warrior

Illustrated notes

Levels and vault maps discovered:
D:        pitsprint [storerooms_1, entrance_room_1, metal_vault_3, armoury_2,
          mini_pit_1, grid_room_1, main_hall_1, silver_pit, the_coven_1,
          the_vestibule_1, steel_vault_1, golden_pit, hallway_of_sentries,
          crystal_vault_1, iron_vault_4, final_vault]

Skill      XL: |  1  2  3  4  5  6  7  8  9 10 |
---------------+-------------------------------+-----
Fighting       | 5 6 8 9 10 11 13 14 16 | 16.4
Axes           | 5 6 7 9 10 13 14 17 18 21 | 21.1
Armour         | 3 4 6 7 10 12 14 | 14.6
Dodging        | 3 4 5 6 7 8 9 |  9.1

Action                   |  1- 3 |  4- 6 |  7- 9 | 10-12 || total
-------------------------+-------+-------+-------+-------++-------
Melee: Hand axe          |    23 |    19 |    55 |       ||    97
       Headbutt          |     5 |     3 |    16 |    11 ||    35
       Battleaxe         |       |       |    18 |    50 ||    68
Invok: Berserk           |     1 |       |     1 |       ||     2
       Brothers in Arms  |       |       |       |     1 ||     1
  Use: Potion            |       |       |     4 |     4 ||     8
Armor: Animal skin       |    11 |       |       |       ||    11
       Chain mail        |     9 |    11 |    16 |       ||    36
       Plate armour      |       |       |    12 |    28 ||    40
Dodge: Dodged            |    18 |     7 |    42 |    32 ||    99

Table legend: (Time is in decaauts)
 A = Elapsed time spent in this place.
 B = Non-inter-level travel time spent in this place.
 C = Inter-level travel time spent in this place.
 D = Time resting spent in this place.
 E = Time spent auto-exploring this place.
 F = Levels seen in this place.
 G = Mean time per level.
                   A        B        C        D        E       F      G
               +--------+--------+--------+--------+--------+-----+--------+
         Total |   1763 |   1763 |      0 |   1103 |    206 |   1 | 1763.0 |
       Dungeon |   1763 |   1763 |      0 |   1103 |    206 |   1 | 1763.0 |
               +--------+--------+--------+--------+--------+-----+--------+

Top non-repeatable levels by time:
       D: 1763 daAuts
